 Dungeon Crawl Stone Soup version 0.31-a0-1178-gc5c9b8f871 (webtiles) character file.

Game seed: 1588203099586596925

2481 grandjackal the Fighter (level 9, -3/75 HPs)
             Began as a Demonspawn Gladiator on Dec 12, 2023.
             Slain by a hornet (13 damage)
             ... while paralysed by a hornet
             ... on level 7 of the Dungeon.
             The game lasted 00:06:44 (5249 turns).

grandjackal the Fighter (Demonspawn Gladiator)      Turns: 5249, Time: 00:06:44

Health: -3/75      AC:  6    Str: 19    XL:     9   Next: 27%
Magic:  9/9        EV:  2    Int:  8    God:
Gold:   368        SH:  0    Dex: 17    Spells: 8/8 levels left

rFire   . . .        r - +2 trident (vamp)
rCold   . . .        (no shield)
rNeg    . . .        b - +0 leather armour
rPois   .            c - +0 helmet
rElec   .            o - +0 cloak
rCorr   .            (no gloves)
SInv    .            x - +0 pair of boots
Will    .....        (no amulet)
Stlth   ++           q - +5 ring of evasion
HPRegen 0.32/turn    (no ring)
MPRegen 0.11/turn

%: no passive effects
@: paralysed, lethally poisoned (-3 -> -5)
A: thin skeletal structure 1, powered by death 2, weakness stinger 1
a: no special abilities


You were on level 7 of the Dungeon.
You visited 1 branch of the dungeon, and saw 10 of its levels.

You collected 368 gold pieces.

Inventory:

Hand Weapons
 a - a +0 war axe
 r - a +2 vampiric trident (weapon)
Missiles
 d - 2 throwing nets
 e - a javelin
 f - 4 boomerangs (quivered)
 C - a curare-tipped dart
Armour
 b - a +0 leather armour (worn)
 c - a +0 helmet (worn)
 o - a +0 cloak (worn)
 x - a +0 pair of boots (worn)
Jewellery
 q - a +5 ring of evasion (left hand)
 G - a +6 ring of intelligence
Wands
 w - a wand of flame (26)
 D - a wand of charming (11)
Scrolls
 g - 4 scrolls of identify {unknown}
 h - 2 scrolls of immolation {unknown}
 j - 4 scrolls of revelation {unknown}
 k - a scroll of noise {unknown}
 l - 2 scrolls of enchant weapon {unknown}
 u - a scroll of acquirement {unknown}
 y - 3 scrolls of teleportation {unknown}
 E - a scroll of summoning {unknown}
 F - a scroll of blinking {unknown}
 H - a scroll of vulnerability {unknown}
 I - a scroll of poison {unknown}
Potions
 i - 3 potions of curing
 m - a potion of heal wounds {unknown}
 n - a potion of enlightenment {unknown}
 p - 4 potions of lignification {unknown}
 s - a potion of might {unknown}
 t - a potion of mutation {unknown}
 v - a potion of cancellation {unknown}
 z - a potion of resistance {unknown}
 A - a potion of attraction {unknown}
 B - a potion of brilliance {unknown}
 J - a potion of haste {unknown}


   Skills:
 + Level 8.6 Fighting
 + Level 8.1 Axes
 - Level 4.0 Throwing
 - Level 3.0 Dodging


You had 8 spell levels left.
You didn't know any spells.
Your spell library contained the following spells:

 Spells                   Type           Power      Damage    Failure   Level
 Magic Dart               Conj           0%         1d3       45%         1
 Call Imp                 Summ           0%         N/A       61%         2
 Poisonous Vapours        Pois/Air       0%         N/A       61%         2
 Mephitic Cloud           Conj/Pois/Air  0%         N/A       83%         3
 Freezing Cloud           Conj/Ice/Air   0%         6-21      100%        5


Dungeon Overview and Level Annotations

Branches:
Dungeon (10/15)            Temple (0/1) D:4
   Lair: D:8-11         Orc: D:9-12

Altars:
Fedhas
Qazlal
Sif Muna
Uskayaw
Yredelemnul


Innate Abilities, Weirdness & Mutations

You have a somewhat thin skeletal structure. (Dex +2, Stealth+)
You regenerate health from kills.
You have a small tail.


Message History

You see here a wyvern corpse.
Key pressed, stopping explore.
A hornet comes into view.
Found 5 stones.
The hornet buzzes angrily.
An ice beast comes into view.
Found a short smoking staff.
You reach to attack!
You closely miss the hornet. The hornet closely misses you.
You closely miss the hornet. The hornet barely misses you.
Unknown command.
You hit the hornet.
The hornet is lightly wounded.
The hornet closely misses you. The hornet misses you. The hornet stings you.
You feel yourself slow down. The hornet stings you!
You suddenly lose the ability to move!
The hornet stings you but does no damage.
The hornet stings you!
You are poisoned.
You feel as though you will be slow longer.
You can move again.
You feel very sick. The hornet attacks as it pursues you!
The hornet misses you. x2
You feel very sick.
The hornet stings you but does no damage.
The ice beast hits you. The ice beast freezes you.
You feel yourself speed up.
You feel sick. The hornet barely misses you.
You feel sick.
The ice beast attacks as it pursues you!
The ice beast hits you. The ice beast freezes you!
* * * LOW HITPOINT WARNING * * *
The hornet barely misses you.
You feel sick.
The ice beast attacks as it pursues you!
The ice beast barely misses you.
You feel sick. The hornet attacks as it pursues you! The hornet stings you.
* * * LOW HITPOINT WARNING * * *
You suddenly lose the ability to move!
The hornet stings you!
You die...

.##.#####.#####...# ......# #.
..................# #.....# #.
.##.##.#..#####...# #..... #.
###.##.#..######.## #...# #.
#..........# #.# #...# #.
#.####..##.# #.# #...# ##
##.####..##.# #.# #...# #.
#........##.# #.######...######.
#........##.###@#......>......#†
#........##..##.yY..............
#........###.####.............#.
#.....#### #.# ######...######.
############.# #...# #.
#......##.# #...# ## #.####.##.#
#...# ## # #.####.##.# ###...###
#. # #.##......# #.......# #.


You could see a hornet and an ice beast.

Vanquished Creatures
  A yak (D:5)
  A wyvern (D:7)
  A water moccasin (D:6)
  An orc warrior (D:6)
  A sky beast (D:3)
  4 ice beasts
  2 centaurs
  2 ogres (D:5)
  A phantom (D:7)
  A kobold brigand (D:5)
  A scorpion (D:4)
  A bullfrog (D:8)
  4 killer bees (D:7)
  2 jellies (D:5)
  4 hounds
  Crazy Yiuf (D:2)
  5 orc priests
  2 iguanas
  3 orc wizards
  4 gnolls (D:2)
  8 adders
  A shadow imp (D:6)
  3 dart slugs
  16 orcs
  8 endoplasms
  2 giant cockroaches (D:2)
  8 goblins
  6 hobgoblins
  4 jackals (D:5)
  7 kobolds
  2 quokkas
  7 ball pythons
  4 bats
  4 frilled lizards
  6 rats
128 creatures vanquished.

Vanquished Creatures (collateral kills)
  An orc priest (D:8)
  An orc wizard (D:8)
  A white imp (D:8)
  2 orcs (D:8)
5 creatures vanquished.

Vanquished Creatures (others)
  2 orc priests (D:8)
2 creatures vanquished.

Grand Total: 135 creatures vanquished

Notes
Turn   | Place    | Note
-------+----------+-------------------------------------------
     0 | D:1      | grandjackal the Demonspawn Gladiator began the quest for
                  | the Orb.
     0 | D:1      | Reached XP level 1. HP: 16/16 MP: 1/1
   165 | D:1      | Gained mutation: You have a small tail. [demonic ancestry]
   165 | D:1      | Reached XP level 2. HP: 22/22 MP: 2/2
   317 | D:1      | Found a faded altar of an unknown god.
   618 | D:2      | Gained mutation: You regenerate a little health from kills.
                  | [demonic ancestry]
   618 | D:2      | Reached XP level 3. HP: 26/28 MP: 3/3
  1019 | D:2      | Reached XP level 4. HP: 35/35 MP: 4/4
  1070 | D:2      | Found a runed translucent door.
  1071 | D:2      | Noticed Crazy Yiuf
  1384 | D:2      | Killed Crazy Yiuf
  1385 | D:2      | Gained mutation: You regenerate health from kills. [demonic
                  | ancestry]
  1385 | D:2      | Reached XP level 5. HP: 13/41 MP: 5/5
  1981 | D:3      | Found a stormy altar of Qazlal.
  1981 | D:3      | Noticed a sky beast
  2019 | D:3      | Killed a sky beast
  2020 | D:3      | Reached XP level 6. HP: 21/48 MP: 6/6
  2352 | D:4      | Found a staircase to the Ecumenical Temple.
  2539 | D:4      | Found a large runed translucent door.
  2540 | D:4      | Found a large runed translucent door.
  2569 | D:4      | Found a hide-covered altar of Uskayaw.
  2739 | D:5      | Entered Level 5 of the Dungeon
  2789 | D:5      | Found a basalt altar of Yredelemnul.
  2859 | D:5      | Reached XP level 7. HP: 39/55 MP: 7/7
  2936 | D:5      | Reached skill level 5 in Fighting
  2936 | D:5      | Reached skill level 5 in Axes
  2956 | D:5      | Found a shimmering blue altar of Sif Muna.
  3075 | D:5      | Found a blossoming altar of Fedhas.
  3142 | D:5      | Noticed a yak
  3161 | D:5      | Killed a yak
  3162 | D:5      | Reached XP level 8. HP: 53/64 MP: 8/8
  4510 | D:7      | You fall into a shaft and drop 3 floors!
  4510 | D:10     | Entered Level 10 of the Dungeon
  4621 | D:8      | Gained mutation: You have a somewhat thin skeletal
                  | structure. (Dex +2, Stealth+) [demonic ancestry]
  4621 | D:8      | Reached XP level 9. HP: 67/74 MP: 9/9
  5242 | D:7      | Paralysed by a hornet for 2 turns
  5249 | D:7      | Paralysed by a hornet for 1 turns
  5249 | D:7      | Slain by a hornet

Illustrated notes

Levels and vault maps discovered:
D:1:      onia_arrival_mini_maze, layout_basic, chequers_ecumenical_altar_island
D:2:      layout_loops_ring, uniq_crazy_yiuf_cottage
D:3:      layout_basic, nicolae_qazlal_beasts_of_the_sky
D:4:      layout_cave_pools, jmf_multi_god_temple2,
          minmay_temple_entry_proselytizer
D:5:      kennysheep_big_flooded_room, layout_basic, general_overflow_altar,
          yredelemnul_altar_generic, lemuel_tele_altar
D:6:      layout_basic
D:7:      layout_loops_cross
D:8:      layout_basic, lair_entry_dummy
D:9:      layout_roguey, serial_rivers, chequers_serial_rivers_micro_e,
          chequers_serial_rivers_large_b, chequers_serial_rivers_micro_a,
          chequers_serial_rivers_micro_d, chequers_serial_rivers_micro_a,
          chequers_serial_rivers_marsh
D:10:     layout_irregular_city, nemelex_spade_bored_becter,
          mainiacjoe_overflow_chevrons, kennysheep_mini_moat,
          minmay_rotating_lava

Skill      XL: |  1  2  3  4  5  6  7  8  9 |
---------------+----------------------------+-----
Throwing       | 2 3 4 |  4.0
Axes           | 3 4 6 7 8 |  8.1
Dodging        | 3 |  3.0
Fighting       | 3 4 6 8 |  8.6

Action                     |  1- 3 |  4- 6 |  7- 9 || total
---------------------------+-------+-------+-------++-------
  Melee: War axe           |    83 |    41 |       ||   124
         Tailslap          |     3 |    13 |    35 ||    51
         Punch             |       |     2 |     1 ||     3
         Trident           |       |    81 |   268 ||   349
  Throw: Boomerang         |     5 |     2 |     7 ||    14
         Throwing net      |       |     1 |       ||     1
  Evoke: Wand              |       |       |     2 ||     2
    Use: Potion            |       |       |     1 ||     1
   Stab: Sleeping          |     4 |       |     2 ||     6
         Distracted        |       |       |     2 ||     2
 Armour: Leather armour    |    61 |    63 |   132 ||   256
  Dodge: Dodged            |    52 |    89 |   200 ||   341

Table legend: (Time is in decaauts)
 A = Elapsed time spent in this place.
 B = Non-inter-level travel time spent in this place.
 C = Inter-level travel time spent in this place.
 D = Time resting spent in this place.
 E = Time spent auto-exploring this place.
 F = Levels seen in this place.
 G = Mean time per level.
                   A        B        C        D        E       F      G
               +--------+--------+--------+--------+--------+-----+--------+
         Total |   5343 |   5213 |    130 |    423 |   3542 |  10 |  534.3 |
       Dungeon |   5343 |   5213 |    130 |    423 |   3542 |  10 |  534.3 |
               +--------+--------+--------+--------+--------+-----+--------+

Top non-repeatable levels by time:
     D:2: 931 daAuts
     D:5: 823 daAuts
     D:6: 821 daAuts
     D:3: 781 daAuts
     D:1: 633 daAuts
     D:7: 616 daAuts
     D:4: 454 daAuts
     D:8: 207 daAuts
    D:10: 67 daAuts
     D:9: 5 daAuts
